 Dungeon Crawl Stone Soup version 0.22.0-27-ga576289601 (webtiles) character file.

82 Artool the Skirmisher (level 4, -2/35 HPs)
             Began as a Demonspawn Fighter on Aug 22, 2018.
             Succumbed to a kobold's poison
             ... on level 3 of the Dungeon.
             The game lasted 00:03:47 (2013 turns).

Artool the Skirmisher (Demonspawn Fighter)          Turns: 2013, Time: 00:03:48

Health: -2/35      AC:  8    Str: 16    XL:     4   Next: 21%
Magic:  4/4        EV:  9    Int:  9    God:
Gold:   111        SH:  0    Dex: 14    Spells: 3/3 levels left

rFire    . . .     SeeInvis .   a - +0 flail
rCold    . . .     Gourm    .   (no shield)
rNeg     . . .     Faith    .   b - +0 scale mail
rPois    .         Spirit   .   (no helmet)
rElec    .         Reflect  .   (no cloak)
rCorr    .         Harm     .   h - +0 pair of gloves
MR       .....                  (no boots)
Stlth    ..........             (no amulet)
HPRegen  0.11/turn              (no ring)
MPRegen  0.09/turn              (no ring)

@: lethally poisoned (-2 -> -34)
A: hooves 1, powered by pain 1
a: no special abilities


You were on level 3 of the Dungeon.
You were hungry.

You visited 1 branch of the dungeon, and saw 3 of its levels.

You collected 111 gold pieces.

Inventory:

Hand Weapons
 a - a +0 flail (weapon)
Armour
 b - a +0 scale mail (worn)
 c - a +0 shield
 h - a +0 pair of gloves (worn)
Jewellery
 j - an uncursed ring of fire {unknown}
Scrolls
 e - a scroll of amnesia {unknown}
 i - 3 scrolls of teleportation {unknown}
 k - 4 scrolls of remove curse {unknown}
 l - 2 scrolls of identify {unknown}
Potions
 m - a potion of magic {unknown}
 n - a potion of flight {unknown}
 o - a potion of lignification {unknown}
 p - 2 potions of agility {unknown}
 q - a potion of resistance {unknown}
Comestibles
 f - 7 rations


   Skills:
 * Level 3.5 Fighting
 * Level 2.4 Maces & Flails
 * Level 3.2 Armour
 + Level 0.9 Dodging
 * Level 3.2 Shields


You had 3 spell levels left.
You didn't know any spells.
Your spell library was empty.

Dungeon Overview and Level Annotations

Branches:
Dungeon (3/15)

Altars:
Fedhas

Annotations:
D:2 exclusion: oklob plant


Innate Abilities, Weirdness & Mutations

You have large cloven feet.
You sometimes gain a little power by taking damage.


Message History

The kobold shoots a poisoned needle.
The poisoned needle completely misses you.
* * * LOW HITPOINT WARNING * * *
You feel very sick.
The kobold unwields an uncursed blowgun.
The kobold wields an uncursed dagger.
The kobold barely misses you.
You sock the kobold!
You kill the kobold!
* * * LOW HITPOINT WARNING * * *
You feel very sick.
* * * LOW HITPOINT WARNING * * *
You feel very sick.
Items here: ( )) ? † an uncursed dagger; an uncursed blowgun; 2 poisoned needles a scroll labeled XEJUSA DATI; a kobold corpse It was a potion of cancellation.
Your magical effects are unravelling.
You feel magically purged.
You feel a little less mighty now.
You die...

... ## ..(. ?.
....#######.#
..........#.#
.##...(.....#### # #
...(..†........<.#. #
#..†(.....###... .
#............... #
#.....@......##########
#[..###..........<.....
#..! ##...............
########...######..####
#.......)## ##..###
#.........#####....
#.............# ####.
...#........##.# ##..
...........[##.# ##..#


There were no monsters in sight!

Vanquished Creatures
  2 adders (D:2)
  An ooze (D:3)
  An adder skeleton (D:3)
  A worm (D:2)
  3 dart slugs
  A leopard gecko (D:2)
  10 bats
  2 giant cockroaches
  6 goblins
  4 hobgoblins
  2 jackals (D:3)
  A quokka (D:3)
  2 frilled lizards
  5 kobolds
  8 rats
49 creatures vanquished.

Notes
Turn   | Place    | Note
-------+----------+-------------------------------------------
     0 | D:1      | Artool the Demonspawn Fighter began the quest for the Orb.
     0 | D:1      | Reached XP level 1. HP: 18/18 MP: 1/1
   119 | D:1      | Gained mutation: You have large cloven feet. [demonic ancestry]
   119 | D:1      | Reached XP level 2. HP: 23/24 MP: 2/2
   762 | D:2      | Gained mutation: You sometimes gain a little power by taking damage. [demonic ancestry]
   762 | D:2      | Reached XP level 3. HP: 27/29 MP: 3/3
   805 | D:2      | Found a faded altar of an unknown god.
  1652 | D:2      | Found a blossoming altar of Fedhas.
  1706 | D:2      | Noticed an oklob plant
  1975 | D:3      | Reached XP level 4. HP: 30/35 MP: 4/4
  2012 | D:3      | HP: 1/35 [poisoned by a kobold]
  2013 | D:3      | Succumbed to a kobold's poison

Skill      XL: |  1  2 |
---------------+-------+-----
Maces & Flails | 2 |  2.4
Armour         | 3 |  3.2
Shields        | 3 |  3.2
Fighting       | |  3.5
Dodging        | |  0.9

Action                   |  1- 3 |  4- 6 || total
-------------------------+-------+-------++-------
Melee: Flail             |   146 |    19 ||   165
       Kick              |    20 |     7 ||    27
  Use: Potion            |       |     2 ||     2
  Eat: Chunk             |     3 |       ||     3
Armor: Scale mail        |   115 |    12 ||   127
Dodge: Dodged            |   125 |    30 ||   155
